 Dungeon Crawl Stone Soup version 0.19.5 (webtiles) character file.

92 snowfan the Firebug (level 4, -1/24 HPs)
             Began as a Deep Elf Fire Elementalist on May 4, 2017.
             Succumbed to kobold's curare-tipped needle
             ... on level 3 of the Dungeon.
             The game lasted 00:05:42 (2496 turns).

snowfan the Firebug (Deep Elf Fire Elementalist)    Turns: 2496, Time: 00:05:43

Health: -1/24      AC:  2    Str: 10    XL:     4   Next: 35%
Magic:  8/10       EV: 18    Int: 21    God:
Gold:   149        SH:  0    Dex: 20    Spells: 2 memorised, 5 levels left

rFire  . . .     SeeInvis .     f - +0 dagger
rCold  . . .     Gourm    .     a - +0 robe
rNeg   . . .     Faith    .     (no shield)
rPois  .         Spirit   .     (no helmet)
rElec  .         Reflect  .     (no cloak)
rCorr  .         Harm     .     (no gloves)
MR     .....                    (no boots)
Stlth  +++.......               (no amulet)
                                (no ring)
                                (no ring)

@: mighty, agile, lethally poisoned (-1 -> -23), flying, slowed, very slow
A: no striking features
a: no special abilities


You were on level 3 of the Dungeon.
You were hungry.

You visited 1 branch of the dungeon, and saw 3 of its levels.

You collected 149 gold pieces.

Inventory:

Hand Weapons
 f - a +0 dagger (weapon)
Armour
 a - a +0 robe (worn)
Wands
 m - a wand of acid (6/15)
Scrolls
 d - 3 scrolls of identify {unknown}
 g - a scroll of amnesia {unknown}
 i - a scroll of fear {unknown}
 j - a scroll of random uselessness {unknown}
 o - a scroll of teleportation {unknown}
Potions
 e - 3 potions of lignification {unknown}
 h - a potion of flight
 r - a potion of degeneration {unknown}
Books
 b - a book of Flames

   Spells                             Type                      Level
   a - Flame Tongue                   Conjuration/Fire             1
   b - Throw Flame                    Conjuration/Fire             2
   c - Conjure Flame                  Conjuration/Fire             3
   d - Inner Flame                    Hexes/Fire                   3
   e - Sticky Flame                   Conjuration/Fire             4
   f - Fireball                       Conjuration/Fire             5
Comestibles
 c - 3 bread rations
 k - a slice of pizza
 l - 3 fruits
 q - a beef jerky


   Skills:
 - Level 2.4 Dodging
 - Level 2.4 Stealth
 - Level 3.0 Spellcasting
 - Level 1.1 Conjurations
 + Level 5.7 Fire Magic


You had 5 spell levels left.
You knew the following spells:

 Your Spells              Type           Power        Failure   Level  Hunger
a - Flame Tongue          Conj/Fire      ###..        3%          1    None
d - Conjure Flame         Conj/Fire      ###.....     12%         3    ###....


Dungeon Overview and Level Annotations

Branches:
Dungeon (3/15)

Altars:


Message History

Confirm with . or Enter, or press ? or * to list all spells.
Aiming: Flame Tongue
Press: ? - help, Shift-Dir - straight line, f/p - kobold
Aim: a kobold, wielding a blowgun (heavily wounded)
The flame tongue hits the kobold.
You kill the kobold!
* * * LOW HITPOINT WARNING * * *
You feel very sick.
It was a potion of flight.
You feel very buoyant.
You fly up into the air.
* * * LOW HITPOINT WARNING * * *
You feel very sick.
It was a potion of might.
You feel very mighty all of a sudden.
* * * LOW HITPOINT WARNING * * *
You feel sick.
It was a potion of agility.
You feel agile all of a sudden.
You die...

..>.# ###.# #.# #.# #.#
### #.# ... #.# #.# ##
##.## #.##)##
##...#########.#@..####
......................'.
#.........####....).###.
#...#####.# #..#.#.#
......# #.# #..###.#
......# #.# #... #
......# #.# ##...
#...#.###.# #.#.#
#.........# #.#$#


There were no monsters in sight!

Vanquished Creatures
  4 adders (D:2)
  An ooze (D:2)
  A worm (D:3)
  A leopard gecko (D:2)
  An orc (D:3)
  A ball python (D:1)
  8 bats
  5 goblins
  7 hobgoblins
  4 frilled lizards
  9 kobolds
  5 rats
47 creatures vanquished.

Notes
Turn   | Place    | Note
-------+----------+-------------------------------------------
     0 | D:1      | snowfan the Deep Elf Fire Elementalist began the quest for the Orb.
     0 | D:1      | Reached XP level 1. HP: 10/10 MP: 6/6
   390 | D:1      | Reached skill level 4 in Fire Magic
   390 | D:1      | Reached XP level 2. HP: 10/15 MP: 4/8
  1289 | D:2      | Reached XP level 3. HP: 19/19 MP: 2/9
  1431 | D:2      | Reached skill level 5 in Fire Magic
  2004 | D:2      | Reached XP level 4. HP: 24/24 MP: 7/10
  2045 | D:2      | Learned a level 3 spell: Conjure Flame
  2496 | D:3      | Succumbed to kobold's curare-tipped needle

Skill      XL: |  1  2  3 |
---------------+----------+-----
Fire Magic     | 4 5 |  5.7
Dodging        | |  2.4
Stealth        | |  2.4
Spellcasting   | |  3.0
Conjurations   | |  1.1

Action                   |  1- 3 |  4- 6 || total
-------------------------+-------+-------++-------
Melee: Dagger            |    33 |     1 ||    34
       Unarmed           |     6 |       ||     6
 Cast: Flame Tongue      |    68 |    13 ||    81
  Use: Potion            |       |     3 ||     3
 Stab: Sleeping          |     1 |     1 ||     2
  Eat: Chunk             |     3 |     1 ||     4
Armor: Robe              |    11 |     1 ||    12
Dodge: Dodged            |    60 |     1 ||    61
